 Dungeon Crawl Stone Soup version 0.29.0-4-gdea44cf6ec (webtiles) character file.

Game seed: 5483374105131884568

2 qw the Firebug (level 1, 0/14 HPs)
             Began as a Ghoul Fire Elementalist on Aug 30, 2022.
             Slain by a kobold
             ... wielding a +0 dagger
              (2 damage)
             ... on level 1 of the Dungeon.
             The game lasted 00:00:10 (298 turns).

qw the Firebug (Ghoul Fire Elementalist)             Turns: 298, Time: 00:00:11

Health: 0/14       AC:  2    Str: 11    XL:     1   Next: 40%
Magic:  2/2        EV: 12    Int: 10    God:
Gold:   0          SH:  0    Dex:  9    Spells: 2/3 levels left

rFire   . . .      SeeInvis .   (no weapon)
rCold   + . .      Faith    .   (no shield)
rNeg    + + +      Spirit   .   a - +0 robe
rPois   inf        Reflect  .   (no helmet)
rElec   .          Harm     .   (no cloak)
rCorr   .          Rampage  .   (no gloves)
Will    .....                   (no boots)
Stlth   ++........              (no amulet)
HPRegen 0.00/turn               (no ring)
MPRegen 0.08/turn               (no ring)

@: inhibited regen
A: claws 1, cold resistance 1, negative energy resistance 3, inhibited
regeneration, torment resistance 2, devour on kill
a: no special abilities


You were on level 1 of the Dungeon.
You visited 1 branch of the dungeon, and saw 1 of its levels.


Innate Abilities, Weirdness & Mutations

You are immune to poison.
You have sharp fingernails.
Your flesh is cold resistant. (rC+)
You are immune to negative energy. (rN+++)
You do not regenerate when monsters are visible.
You are immune to unholy pain and torment.
You thrive by killing the living.


   Skills:
 - Level 1.7 Dodging
 - Level 2.1 Stealth
 + Level 0.9 Unarmed Combat
 - Level 1.7 Spellcasting
 - Level 0.7 Conjurations
 - Level 2.4 Fire Magic


You had 2 spell levels left.
You knew the following spells:

 Your Spells              Type           Power      Damage    Failure   Level
a - Foxfire               Conj/Fire      16%        2x1d4     17%         1

Your spell library contained the following spells:

 Spells                   Type           Power      Damage    Failure   Level
 Scorch                   Fire           10%        2d5       19%         2
 Conjure Flame            Conj/Fire      4%         6-21      45%         3
 Inner Flame              Hex/Fire       3%         N/A       52%         3
 Flame Wave               Conj/Fire      4%         2d5       86%         4

Inventory:

Armour
 a - a +0 robe (worn)
Potions
 b - a potion of magic

Dungeon Overview and Level Annotations

Branches:
Dungeon (1/15)

Altars:


Message History

HP restored.
Found 3 stones.
A kobold comes into view. It is wielding a +0 dagger.
The kobold shouts!
A hobgoblin comes into view.
The hobgoblin shouts!
You barely miss the kobold. The kobold closely misses you.
You barely miss the hobgoblin. The hobgoblin barely misses you.
The kobold hits you with a +0 dagger.
You scratch the hobgoblin but do no damage.
The hobgoblin completely misses you. The kobold closely misses you.
You barely miss the hobgoblin. The hobgoblin barely misses you.
The kobold misses you.
You barely miss the hobgoblin. The hobgoblin closely misses you.
The kobold misses you.
You scratch the hobgoblin but do no damage.
The hobgoblin hits you but does no damage.
The kobold barely misses you.
You barely miss the hobgoblin. The hobgoblin misses you.
The kobold hits you with a +0 dagger.
You scratch the hobgoblin but do no damage.
The hobgoblin barely misses you. The kobold hits you with a +0 dagger.
You scratch the hobgoblin but do no damage.
The hobgoblin hits you but does no damage.
The kobold closely misses you.
You barely miss the hobgoblin.
The hobgoblin hits you but does no damage.
The kobold hits you with a +0 dagger.
You scratch the hobgoblin but do no damage.
The hobgoblin closely misses you. The kobold hits you with a +0 dagger.
You scratch the hobgoblin but do no damage.
The hobgoblin closely misses you. The kobold completely misses you.
You scratch the hobgoblin. You claw the hobgoblin.
You kill the hobgoblin!
The kobold closely misses you.
You scratch the kobold.
The kobold is heavily wounded.
The kobold hits you with a +0 dagger.
You die... ~..7....P.P7..~P77 7. 777..P777P.777 7 777P..77777777 ..7..P..P.7P.~~77 ^...........^~~87 ~.P77#...#77..~P77 7 #...# 777777

#####...#######
.......@.......
.......K..(....
...............
...............
..........#####
..........#
.......####
......#


You could see a kobold.

Vanquished Creatures
  A giant cockroach (D:1)
  A hobgoblin (D:1)
2 creatures vanquished.

Notes
Turn   | Place    | Note
-------+----------+-------------------------------------------
     0 | D:1      | qw the Ghoul Fire Elementalist began the quest for the Orb.
     0 | D:1      | Reached XP level 1. HP: 14/14 MP: 2/2
     0 | D:1      | 0 ||| qw: Version: 0.1-a-90-g952f4b7
     0 | D:1      | 0 ||| qw: Game counter: 4333
     0 | D:1      | 0 ||| qw: Always use a shield: true
     0 | D:1      | 0 ||| qw: God list: Okawaru
     0 | D:1      | 0 ||| qw: Allow faded altars: false
     0 | D:1      | 0 ||| qw: Do Orc after D:15 true
     0 | D:1      | 0 ||| qw: Do second Lair branch before Depths: true
     0 | D:1      | 0 ||| qw: Lair rune preference: random
     0 | D:1      | 0 ||| qw: Plans: Normal
     0 | D:1      | 0 ||| PLANNING D:1-11
   295 | D:1      | HP: 2/14 [kobold/+0 dagger (2)]
   298 | D:1      | Slain by a kobold

Levels and vault maps discovered:
D:1:      psy_arrival_wood_between_worlds, layout_rooms

Action                   || total
-------------------------++-------
Melee: Unarmed           ||    37
       Punch             ||     1
Armor: Robe              ||     8
Dodge: Dodged            ||    31

Table legend:
 A = Non-vault XP
 B = Vault XP
 C = Vault XP percentage of total XP
 D = Non-vault monster count
 E = Vault monster count
 F = Vault count percentage of total count
                 A         B        C        D         E       F
            +---------+---------+-------+---------+---------+-------
      Total |       4 |       0 |   0.0 |       2 |       0 |   0.0
            +---------+---------+-------+---------+---------+-------
        D:1 |       4 |       0 |   0.0 |       2 |       0 |   0.0
            +---------+---------+-------+---------+---------+-------
